 Dungeon Crawl Stone Soup version 0.28.0-45-g0d030f2227 (webtiles) character file.

Game seed: 9175378716179997138

9752 powzer the Protected (level 11, -3/104 HPs)
             Began as a Minotaur Berserker on Apr 23, 2022.
             Was a High Priest of Trog.
             Slain by an orc warrior
             ... wielding a +0 halberd
              (4 damage)
             ... on level 1 of the Orcish Mines.
             The game lasted 01:38:34 (11422 turns).

powzer the Protected (Minotaur Berserker)          Turns: 11422, Time: 01:38:34

Health: -3/104     AC: 20    Str: 25    XL:     11   Next: 27%
Magic:  0/10       EV:  9    Int:  4    God:    Trog [*****.]
Gold:   339        SH:  0    Dex: 11    Spells: 10/10 levels left

rFire   . . .      SeeInvis .   F - +5 mace (vamp)
rCold   + . .      Faith    .   (no shield)
rNeg    . . .      Spirit   +   k - +0 plate armour
rPois   +          Reflect  .   (helmet restricted)
rElec   .          Harm     .   (no cloak)
rCorr   .          Rampage  .   N - +0 pair of gloves
Will    .....                   u - +1 pair of boots {Fly}
Stlth   ..........              D - amulet of guardian spirit
HPRegen 0.27/turn               C - ring of poison resistance
MPRegen 0.12/turn               K - ring of protection from cold

@: confused, flying
A: horns 2, retaliatory headbutt, robust 1, evolution 1
a: Renounce Religion, Berserk, Trog's Hand, Brothers in Arms


You were on level 1 of the Orcish Mines.
You worshipped Trog.
Trog was extremely pleased with you.
You visited 2 branches of the dungeon, and saw 11 of its levels.

You collected 511 gold pieces.
You spent 172 gold pieces at shops.

Inventory:

Hand Weapons
 F - a +5 vampiric mace (weapon)
Missiles
 d - 22 poisoned darts
 g - 251 stones (quivered)
 J - a curare-tipped dart
 L - 2 boomerangs
 O - a throwing net
Armour
 k - a +0 plate armour (worn)
 u - a +1 pair of boots of flying (worn)
 N - a +0 pair of gloves (worn)
Jewellery
 C - a ring of poison resistance (left hand)
 D - an amulet of guardian spirit (around neck)
 K - a ring of protection from cold (right hand)
 M - a +6 ring of intelligence
Wands
 b - a wand of flame (36)
 v - a wand of mindburst (5)
 x - a wand of polymorph (6)
 A - a wand of charming (5)
 I - a wand of digging (3)
Scrolls
 e - 4 scrolls of teleportation
 h - 2 scrolls of identify
 l - 2 scrolls of amnesia
 m - 4 scrolls of immolation
 n - 2 scrolls of magic mapping
 o - a scroll of brand weapon
 p - 2 scrolls of enchant armour
 q - 4 scrolls of fog
 r - 3 scrolls of blinking
 w - 3 scrolls of fear
 y - 2 scrolls of noise
 B - a scroll of enchant weapon
Potions
 a - a potion of invisibility {unknown}
 c - 6 potions of curing
 f - a potion of cancellation {unknown}
 i - 3 potions of heal wounds {unknown}
 j - a potion of haste
 s - 2 potions of attraction {unknown}
 t - a potion of mutation
 E - a potion of magic {unknown}
 G - a potion of flight {unknown}
 H - a potion of lignification {unknown}


   Skills:
 + Level 8.5 Fighting
 + Level 6.8(10.1) Axes
 + Level 11.6(12.3) Maces & Flails
 + Level 5.2 Throwing
 * Level 13.2 Armour
 + Level 3.6 Dodging


You had 10 spell levels left.
You didn't know any spells.
Your spell library was empty.

Dungeon Overview and Level Annotations

Branches:
Dungeon (10/15)            Temple (0/1) D:6             Orc (1/2) D:10
   Lair: D:8-11

Altars:
Ashenzari
Cheibriados
Elyvilon
Fedhas
Gozag
Kikubaaqudgha
Makhleb
Nemelex Xobeh
Ru
Sif Muna
Trog
Uskayaw
Vehumet
Xom
Zin

Shops:
D:7 (???   D:9 (   D:10 [

Annotations:
Orc:1 Jorgrun


Innate Abilities, Weirdness & Mutations

You have a pair of horns on your head.
You reflexively headbutt those who attack you in melee.
You are robust. (+10% HP)
You have hidden genetic potential.


Message History

The orc warrior hits you from afar with a +0 halberd.
The ogre hits you with a +0 giant club!
* * * LOW HITPOINT WARNING * * *
The orc priest hits you but does no damage.
The ogre completely misses you. The smoke demon hits you. x2
* * * LOW HITPOINT WARNING * * *
The smoke demon hits you but does no damage.
The orc sorcerer hits you but does no damage.
The orc wizard hits you but does no damage.
The orc priest calls down the wrath of Beogh upon you.
Beogh smites you!
* * * LOW HITPOINT WARNING * * *
The ogre hits you with a +0 giant club.
* * * LOW HITPOINT WARNING * * *
The orc warrior hits you but does no damage.
The orc priest barely misses you.
Jorgrun drinks a potion.
Jorgrun seems to grow stronger.
The ogre hits you with a +0 giant club.
* * * LOW HITPOINT WARNING * * *
The smoke demon hits you but does no damage. x3
The orc sorcerer hits you but does no damage.
The orc wizard hits you but does no damage.
The ogre hits you with a +0 giant club.
* * * LOW HITPOINT WARNING * * *
The orc warrior hits you but does no damage.
The orc priest hits you but does no damage.
The ogre hits you but does no damage. The smoke demon gestures at you.
Something smites you!
* * * LOW HITPOINT WARNING * * *
You turn to flesh and can move again.
There is a staircase back to the Dungeon, spattered with blood here.
The orc wizard hits you but does no damage.
The orc sorcerer hits you but does no damage.
The ogre hits you with a +0 giant club!
* * * LOW HITPOINT WARNING * * *
The orc warrior hits you but does no damage.
The ogre closely misses you.
The orc priest looks braver for a moment.
The orc warrior hits you from afar with a +0 halberd.
You die...

.$............
.............#.
...............
......#o#$.....
.......o.......
......ooo......
...#.oO3O......
.....go@ooo....
......ooO......
..........o....
..........o$..>
............$..
..........$..$.
...............
..........#..>.


You could see Jorgrun (strong), a smoke demon (summoned), an orc sorcerer, 3 orc
warriors, 3 ogres, 2 orc priests, 2 orc wizards and 6 orcs.

Vanquished Creatures
  Erolcha (D:9)
  Erica (D:8)
  The ghost of Vizrt the Slinger, a novice FoHu (D:8)
  Pikel (D:4)
  The ghost of Cheops the Carver, a novice FoFi (D:5)
  A cyclops (D:10)
  A hornet (D:7)
  A meliai zombie (D:10)
  A shadow (D:8)
  Sigmund (D:3)
  Grum (D:8)
  3 yaks (D:10)
  A steam dragon (D:7)
  Edmund (D:4)
  5 orc warriors
  A swamp drake (D:10)
  A sky beast (D:7)
  4 black bears
  3 necrophages
  2 ogres (D:5)
  4 wolves (D:8)
  A lemure (D:4)
  4 centaurs
  A kobold brigand (D:9)
  2 gnoll sergeants
  2 wyvern zombies
  3 bullfrogs
  2 scorpions (D:4)
  A water moccasin skeleton (D:5)
  17 wights
  An electric eel (D:10)
  Crazy Yiuf (D:7)
  2 jellies (D:6)
  5 centaur zombies
  8 orc priests
  A bullfrog skeleton (D:6)
  3 centaur skeletons
  Jessica (D:3)
  4 iguanas
  6 orc wizards
  A hound skeleton (D:4)
  2 mummies (D:8)
  Robin (D:2)
  8 gnolls
  A howler monkey skeleton (D:6)
  10 adders
  2 white imps
  An ufetubus (D:3)
  2 adder skeletons (D:4)
  3 worms
  3 dart slugs
  35 orcs
  4 bats
  5 endoplasms
  6 giant cockroaches
  14 goblins
  10 hobgoblins
  4 jackals (D:3)
  11 kobolds
  2 quokkas
  7 ball pythons
  A frilled lizard (D:3)
  4 rats
238 creatures vanquished.

Vanquished Creatures (others)
  A human (D:7)
  4 fungi (D:7)
  4 plants (D:6)
  3 withered plants (D:8)
12 creatures vanquished.

Grand Total: 250 creatures vanquished

Notes
Turn   | Place    | Note
-------+----------+-------------------------------------------
     0 | D:1      | powzer the Minotaur Berserker began the quest for the Orb.
     0 | D:1      | Reached XP level 1. HP: 19/19 MP: 0/0
   350 | D:1      | Reached XP level 2. HP: 13/27 MP: 1/1
   817 | D:1      | Reached ** piety under Trog
   976 | D:2      | Noticed Robin
   980 | D:1      | Reached XP level 3. HP: 28/33 MP: 2/2
  1002 | D:2      | Killed Robin
  1017 | D:2      | Reached skill level 5 in Axes
  1486 | D:2      | Reached XP level 4. HP: 40/40 MP: 3/3
  1628 | D:2      | Reached skill level 1 in Throwing
  2267 | D:3      | Noticed Jessica
  2276 | D:3      | Reached XP level 5. HP: 41/47 MP: 4/4
  2284 | D:3      | Killed Jessica
  2820 | D:3      | Noticed Sigmund
  2827 | D:3      | Killed Sigmund
  2828 | D:3      | Reached skill level 3 in Armour
  2828 | D:3      | Reached XP level 6. HP: 55/55 MP: 5/5
  3099 | D:4      | Reached *** piety under Trog
  3220 | D:4      | Noticed Edmund
  3230 | D:4      | Killed Edmund
  3231 | D:4      | Reached skill level 5 in Fighting
  3231 | D:4      | Reached skill level 4 in Armour
  3407 | D:4      | Reached XP level 7. HP: 59/61 MP: 6/6
  3613 | D:4      | Reached skill level 5 in Armour
  4000 | D:4      | Reached skill level 1 in Maces & Flails
  4187 | D:4      | Noticed Pikel
  4209 | D:4      | Killed Pikel
  4210 | D:4      | Reached skill level 6 in Armour
  4210 | D:4      | Reached XP level 8. HP: 48/69 MP: 7/7
  4587 | D:5      | Entered Level 5 of the Dungeon
  4867 | D:5      | Identified the +4 great mace of the Queen {flame, rC- Str+2
                  | Stlth+}
  4868 | D:5      | Noticed Cheops's ghost (novice FoFi)
  4869 | D:5      | Found a transporter.
  4875 | D:5      | Found a transporter.
  5103 | D:5      | Found a radiant altar of Vehumet.
  5312 | D:5      | Found a hide-covered altar of Uskayaw.
  5367 | D:5      | Reached skill level 5 in Maces & Flails
  5631 | D:6      | Found a white marble altar of Elyvilon.
  5632 | D:6      | Found a burning altar of Makhleb.
  5634 | D:6      | Found a blossoming altar of Fedhas.
  5649 | D:6      | Found a staircase to the Ecumenical Temple.
  5730 | D:6      | Reached skill level 7 in Armour
  5765 | D:6      | Identified the +3 scimitar of the Sun {elec, rN+}
  5935 | D:6      | Identified the +2 spear of Plog {speed, Fly rC+++ rCorr
                  | Str-3}
  5952 | D:6      | Found a glowing silver altar of Zin.
  5957 | D:6      | Found a shimmering blue altar of Sif Muna.
  6516 | D:5      | Reached XP level 9. HP: 75/75 MP: 8/8
  6519 | D:5      | Killed Cheops's ghost
  6520 | D:5      | Reached skill level 8 in Armour
  6609 | D:7      | Found Real's Magic Scroll Shop.
  6616 | D:7      | Found Luisitoa's Magic Scroll Shoppe.
  6629 | D:7      | Bought a scroll of enchant weapon for 97 gold pieces
  6828 | D:7      | Found Ewydach's Antique Weapon Boutique.
  6874 | D:7      | Found a snail-covered altar of Cheibriados.
  6947 | D:7      | Found an ancient bone altar of Kikubaaqudgha.
  6956 | D:7      | Reached skill level 9 in Armour
  7285 | D:7      | Paralysed by a hornet for 3 turns
  7316 | D:7      | Found Guzukiut's Magic Scroll Emporium.
  7348 | D:7      | Bought a scroll of enchant armour for 75 gold pieces
  7434 | D:7      | Found a runed translucent door.
  7435 | D:7      | Noticed Crazy Yiuf
  7445 | D:7      | Killed Crazy Yiuf
  7518 | D:7      | Found a broken altar of Ashenzari.
  7826 | D:8      | Found a runed translucent door.
  7828 | D:8      | Noticed Vizrt's ghost (novice FoHu)
  7879 | D:8      | Reached skill level 10 in Armour
  7980 | D:8      | Noticed Erica
  7988 | D:8      | Killed Erica
  7989 | D:8      | Reached XP level 10. HP: 86/86 MP: 6/9
  8048 | D:8      | Noticed Grum
  8069 | D:8      | Killed Grum
  8078 | D:8      | Reached skill level 11 in Armour
  8315 | D:8      | Found a sparkling altar of Nemelex Xobeh.
  8315 | D:8      | Found an opulent altar of Gozag.
  8503 | D:8      | Reached skill level 10 in Maces & Flails
  8519 | D:8      | Reached **** piety under Trog
  8820 | D:9      | Noticed Erolcha
  8828 | D:9      | Killed Erolcha
  8829 | D:9      | Reached skill level 5 in Throwing
  9135 | D:9      | Found a bloodstained altar of Trog.
  9152 | D:9      | Reached skill level 12 in Armour
  9292 | D:9      | Found Roset's Antique Weapon Shoppe.
  9432 | D:9      | Gained mutation: You have hidden genetic potential. [potion
                  | of mutation]
  9432 | D:9      | Gained mutation: You are robust. (+10% HP) [potion of
                  | mutation]
  9822 | D:9      | Found a sacrificial altar of Ru.
 10040 | D:10     | Entered Level 10 of the Dungeon
 10110 | D:10     | Noticed a cyclops
 10128 | D:10     | Killed a cyclops
 10161 | D:10     | Reached XP level 11. HP: 92/103 MP: 8/10
 10320 | D:8      | Killed Vizrt's ghost
 10478 | D:10     | Found Quen's Antique Armour Shop.
 10703 | D:10     | Found a staircase to the Orcish Mines.
 10713 | D:10     | Reached skill level 13 in Armour
 10718 | D:10     | Reached ***** piety under Trog
 11091 | D:10     | Found a shimmering altar of Xom.
 11391 | Orc:1    | Entered Level 1 of the Orcish Mines
 11391 | Orc:1    | Noticed an orc sorcerer
 11392 | Orc:1    | Noticed Jorgrun
 11392 | Orc:1    | Paralysed by an orc sorcerer for 2 turns
 11409 | Orc:1    | Paralysed by an orc sorcerer for 5 turns
 11422 | Orc:1    | HP: 1/104 [ogre/+0 giant club (15)]
 11422 | Orc:1    | Slain by an orc warrior

Illustrated notes

Levels and vault maps discovered:
D:1:      dpeg_arrival_simpleton_c, layout_basic
D:2:      layout_loops_ring, serial_co_window_serial, co_window_paths_a,
          co_window_paths_a, co_window_corner_a, co_window_of_opportunity_a,
          co_window_paths_a, co_window_corner_a, co_window_broadway_a,
          co_window_broadway_b, co_window_corner_b, co_window_broadway_b,
          co_window_of_opportunity_b, co_window_paths_d, minivault_26,
          uniq_robin
D:3:      layout_basic, uniq_sigmund, uniq_jessica
D:4:      layout_layer_cave, minmay_misc_feat_iff, uniq_edmund, uniq_pikel
D:5:      layout_basic, mainiacjoe_overflow_small_starburst,
          mainiacjoe_overflow_alcove_2, gammafunk_ghost_smash,
          minmay_misc_feat_four_crosses, kennysheep_flooded_box,
          chequers_decorated_corner
D:6:      layout_loops_ring, nicolae_overflow_hidden_temple,
          minmay_temple_entry_mist, serial_bayou_crossing
D:7:      layout_basic, ashenzari_conservatory_becter,
          mainiacjoe_overflow_chevrons, tgw_kikubaaqudgha, serial_shops,
          shop_scrolls, nicolae_stop_n_shop_2, nicolae_shop_hallway_stairs,
          shop, minivault_1, uniq_crazy_yiuf_cottage
D:8:      layout_loops_cross, grunt_temple_overflow_opulence, serial_undead,
          serial_undead_c, serial_undead_f, serial_undead_e, serial_undead_e,
          hellmonk_ghost_happy_afterlife, grunt_ministairs_10, uniq_erica,
          uniq_grum
D:9:      layout_long_grid, lemuel_round_altar, bloody_trog, serial_shops, shop,
          uniq_erolcha
D:10:     layout_basic, kennysheep_little_box, erik_orc_1, serial_shops, shop
Orc:1:    layout_caves, uniq_jorgrun

Skill      XL: |  1  2  3  4  5  6  7  8  9 10 11 |
---------------+----------------------------------+-----
Axes           | 4 5 6 |  6.8
Fighting       | 4 5 6 7 8 |  8.5
Throwing       | 1 2 3 4 5 |  5.2
Dodging        | 3 |  3.6
Armour         | 3 4 6 7 10 12 13 | 13.2
Maces & Flails | 4 6 9 11 | 11.6

Action                   |  1- 3 |  4- 6 |  7- 9 | 10-12 || total
-------------------------+-------+-------+-------+-------++-------
Melee: Hand axe          |    78 |    82 |       |       ||   160
       Headbutt          |     9 |    13 |    41 |    54 ||   117
       Punch             |     1 |     1 |     2 |     2 ||     6
       Dire flail        |       |     6 |   151 |       ||   157
       Mace              |       |       |    68 |   260 ||   328
Throw: Dart              |     6 |       |       |       ||     6
       Stone             |    15 |    53 |    72 |    41 ||   181
Invok: Berserk           |     1 |     3 |     8 |     5 ||    17
Evoke: Wand              |       |       |       |     1 ||     1
  Use: Scroll            |       |     2 |     2 |     8 ||    12
       Potion            |       |       |     1 |     1 ||     2
Armor: Animal skin       |    16 |       |       |       ||    16
       Ring mail         |     4 |    16 |       |       ||    20
       Leather armour    |       |     1 |     6 |       ||     7
       Plate armour      |       |       |    75 |   217 ||   292
Dodge: Dodged            |    53 |    47 |    70 |   103 ||   273
